 Dungeon Crawl Stone Soup version 0.31-a0-441-g867994ef1c (webtiles) character file.

Game seed: 12876197232658920648

4 LeprechaunX the Ruffian (level 1, -1/13 HPs)
             Began as an Octopode Shapeshifter on Aug 2, 2023.
             Slain by a ball python (3 damage)
             ... on level 1 of the Dungeon.
             The game lasted 00:00:09 (76 turns).

LeprechaunX the Ruffian (Octopode Shapeshifter)       Turns: 76, Time: 00:00:09

Health: -1/13      AC:  1    Str: 14    XL:     1   Next: 60%
Magic:  1/1        EV: 13    Int: 10    God:
Gold:   0          SH:  0    Dex: 12    Spells: 0/0 levels left

rFire   . .          .
                       - Unarmed
rCold   . . .        (no shield)
rNeg    . . .        (helmet currently unavailable)
rPois   .            (no amulet)
rElec   .            (no ring)
rCorr   .            (no ring)
SInv    .            (no ring)
Will    .....        (no ring)
Stlth   ++           (no ring)
HPRegen 0.22/turn    (no ring)
MPRegen 0.07/turn    (no ring)
                     (no ring)

%: no passive effects
@: beast-form
A: beast (slay +2), almost no armour, amphibious, 8 rings, camouflage 1,
gelatinous body 1, (nimble swimmer 1), tentacles
a: Begin Untransformation


You were on level 1 of the Dungeon.
You were a hulking beast.
You visited 1 branch of the dungeon, and saw 1 of its levels.

Inventory:

Talismans
 b - a beast talisman (active)
Potions
 a - a potion of lignification


   Skills:
 + Level 1.1 Fighting
 + Level 2.1 Dodging
 + Level 3.0 Unarmed Combat
 + Level 3.0 Shapeshifting


You couldn't memorise any spells.
You didn't know any spells.
Your spell library was empty.

Dungeon Overview and Level Annotations

Branches:
Dungeon (1/15)

Altars:


Innate Abilities, Weirdness & Mutations

You are a hulking beast.
Your limbs bulge with bestial killing power. (Slay +2)
You cannot wear most types of armour.
You are amphibious.
You can wear up to eight rings at the same time.
Your skin changes colour to match your surroundings (Stealth+).
Your rubbery body absorbs attacks. (AC +1, EV +1)
((You are camouflaged when in or above water. (Stealth+)))
You have tentacles for arms and can constrict up to eight enemies at once.


Message History

There are monsters nearby!
There are monsters nearby!
A jackal, a hobgoblin and a quokka come into view.
The jackal barks! x3; You hear a shout!
You hear an angry hiss.
The hobgoblin shouts!
Unknown command.
The jackal attacks as you move away! The jackal barely misses you.
The jackal attacks as you move away! The jackal bites you.
The jackal bites you.
A kobold comes into view. It is wielding a +0 short sword.
A ball python comes into view.
The jackal bites you. x2
The jackal attacks as you move away! The jackal misses you.
The jackal attacks as you move away! The jackal bites you.
The jackal closely misses you.
You tentacle-slap the jackal but do no damage.
Your grab misses the jackal. You squeeze the jackal.
The jackal is lightly wounded.
The jackal bites you.
You closely miss the jackal. Your grab misses the jackal.
Your squeeze misses the jackal.
The jackal is lightly wounded.
The jackal bites you but does no damage.
You barely miss the jackal. Your grab misses the jackal.
You squeeze the jackal.
The jackal is heavily wounded.
The jackal bites you.
* * * LOW HITPOINT WARNING * * *
The jackal bites you.
* * * LOW HITPOINT WARNING * * *
You tentacle-slap the jackal.
You kill the jackal!
You tentacle-slap the quokka. You grab the quokka.
The quokka is heavily wounded.
You constrict the quokka.
You kill the quokka!
You bludgeon the jackal!
You kill the jackal!
The ball python bites you.
You die...

#... #..# #S.#
###w.###..#
#..........
#.h.#####.# #...#
.########K..# #.#
..(....hSh..# #.#
#########g#.#####.#
#.#.....#.#
#.#####.#.# #.#
#.#.# #.#
#.#.###### #.#
#......... #.#
###.###### #.#
###.#


You could see a jackal, a hobgoblin, a ball python and a kobold.

Vanquished Creatures
  An endoplasm (D:1)
  2 jackals (D:1)
  A quokka (D:1)
4 creatures vanquished.

Notes
Turn   | Place    | Note
-------+----------+-------------------------------------------
     0 | D:1      | LeprechaunX the Octopode Shapeshifter began the quest for
                  | the Orb.
     0 | D:1      | Reached XP level 1. HP: 13/13 MP: 1/1
    76 | D:1      | Slain by a ball python

Illustrated notes

Levels and vault maps discovered:
D:1:      saegor_arrival_simple_d, layout_loops_ring

Action                     || total
---------------------------++-------
  Melee: Unarmed           ||     7
         Tentacles         ||     3
         Constrict         ||     1
   Stab: Sleeping          ||     1
 Armour: Skin              ||     1
  Dodge: Dodged            ||     3

Table legend: (Time is in decaauts)
 A = Elapsed time spent in this place.
 B = Non-inter-level travel time spent in this place.
 C = Inter-level travel time spent in this place.
 D = Time resting spent in this place.
 E = Time spent auto-exploring this place.
 F = Levels seen in this place.
 G = Mean time per level.
                   A        B        C        D        E       F      G
               +--------+--------+--------+--------+--------+-----+--------+
         Total |     75 |     75 |      0 |      0 |     55 |   1 |   75.0 |
       Dungeon |     75 |     75 |      0 |      0 |     55 |   1 |   75.0 |
               +--------+--------+--------+--------+--------+-----+--------+

Top non-repeatable levels by time:
     D:1: 75 daAuts
